 Dungeon Crawl Stone Soup version 0.25.0-11-g1f837a76a1 (webtiles) character file.

Game seed: 9558323923485190115

(classic levelgen) 1234 EnegeticOcto the Cleaver (level 8, 55/75 HPs)
             Began as a Deep Dwarf Fighter on June 27, 2020.
             Was an Initiate of Makhleb.
             Quit the game on level 8 of the Dungeon.
             The game lasted 00:04:31 (4677 turns).

EnegeticOcto the Cleaver (Deep Dwarf Fighter)       Turns: 4677, Time: 00:04:31

Health: 55/75      AC: 10    Str: 21    XL:     8   Next: 24%
Magic:  1/1        EV: 11    Int: 10    God:    Makhleb [......]
Gold:   302        SH:  9    Dex: 12    Spells: 7/7 levels left

rFire    . . .     SeeInvis .   a - +1 war axe
rCold    . . .     Gourm    .   c - +0 kite shield
rNeg     + . .     Faith    .   b - +0 scale mail
rPois    .         Spirit   .   s - +1 hat
rElec    .         Reflect  .   A - +1 cloak
rCorr    .         Harm     .   (no gloves)
MR       +....                  (no boots)
Stlth    ..........             (no amulet)
HPRegen  0.00/turn              l - +4 ring of evasion
MPRegen  0.07/turn              y - ring of positive energy

@: non-regenerating
A: damage resistance, heal wounds, sense surroundings 1, no regeneration
a: Heal Wounds, Renounce Religion


You were on level 8 of the Dungeon.
You worshipped Makhleb.
Makhleb was noncommittal.
You were not hungry.

You visited 2 branches of the dungeon, and saw 9 of its levels.

You collected 302 gold pieces.

Inventory:

Hand Weapons
 a - a +1 war axe (weapon)
Missiles
 t - 5 throwing nets (quivered) {!f}
Armour
 b - a +0 scale mail (worn)
 c - a +0 kite shield (worn)
 s - a +1 hat (worn)
 A - a +1 cloak (worn)
Jewellery
 l - a +4 ring of evasion (left hand)
 y - a ring of positive energy (right hand)
Scrolls
 f - a scroll of noise {unknown}
 g - 2 scrolls of blinking {unknown}
 k - a scroll of identify {@r1}
 m - a scroll of amnesia
 p - 2 scrolls of remove curse {@r2}
 v - a scroll of summoning
 w - a scroll of immolation
 z - a scroll of fear {unknown}
Potions
 d - 2 potions of might {@q3 !q}
 h - 2 potions of heal wounds {@q2 !q}
 i - 2 potions of degeneration
 j - 2 potions of curing {unknown}
 n - a potion of stabbing {unknown}
 o - a potion of lignification {unknown}
 q - a potion of mutation {unknown}
 r - 2 potions of flight {unknown}
 u - 2 potions of haste {@q4 !q}
 x - 2 potions of cancellation {unknown}
Comestibles
 e - 16 rations


   Skills:
 + Level 5.6 Fighting
 * Level 8.8 Axes
 - Level 4.0 Armour
 - Level 3.9 Shields


You had 7 spell levels left.
You didn't know any spells.
Your spell library was empty.

Dungeon Overview and Level Annotations

Branches:
Dungeon (8/15)             Temple (1/1) D:6
   Lair: D:8-11

Altars:
Cheibriados
Dithmenos
Elyvilon
Gozag
Hepliaklqana
Kikubaaqudgha
Makhleb
Nemelex Xobeh
Qazlal
Ru
Trog
Uskayaw
Vehumet
Wu Jian
Xom
Yredelemnul
Zin
The Shining One

Shops:
D:5 %


Innate Abilities, Weirdness & Mutations

You are resistant to damage.
You can heal yourself by infusing magical energy.
You passively map a small area around you.
You do not regenerate.


Message History

You barely miss the ogre. The ogre barely misses you.
You barely miss the ogre. The ogre closely misses you.
You hit the ogre.
The ogre is lightly wounded.
The ogre barely misses you.
You slash the ogre!
The ogre is heavily wounded.
The ogre misses you.
Your shield and scale mail prevent you from hitting the ogre.
The ogre is heavily wounded.
The ogre hits you with a +0 giant spiked club!!
You are too injured to fight recklessly!
You are too injured to fight recklessly!
You are too injured to fight recklessly!
You are too injured to fight recklessly!
You are too injured to fight recklessly!
You are too injured to fight recklessly!
You are too injured to fight recklessly!
You are too injured to fight recklessly!
You are too injured to fight recklessly!
You are too injured to fight recklessly!
You are too injured to fight recklessly!
You are too injured to fight recklessly!
You are too injured to fight recklessly!
You are too injured to fight recklessly!
Your magical essence is drained by the effort!
You feel much better.
You slash the ogre!
You kill the ogre!
Makhleb accepts your kill.
t - 5 throwing nets {!f} (gained 1)
You see here a +0 giant spiked club.
e - 12 rations (gained 1)
e - 13 rations (gained 1) Some of the chunks of flesh in your inventory have rotted away.
e - 16 rations (gained 3)
You see here a +0 giant spiked club.
You butcher the jackal corpse.
k - 8 chunks of flesh (gained 1)
You see here a jackal skeleton. x2
Found 19 bolts.
A crimson imp comes into view.
The crimson imp shouts!
A crimson imp is nearby!
A crimson imp is nearby!
A crimson imp is nearby!
The crimson imp barely misses you.
You closely miss the crimson imp. The crimson imp barely misses you.
Some of the chunks of flesh in your inventory have rotted away.
You hit the crimson imp.
The crimson imp is lightly wounded.
The crimson imp barely misses you.
You miss the crimson imp. You block the crimson imp's attack.
The crimson imp hits you.
You hit the crimson imp.
The crimson imp is moderately wounded.
The crimson imp grins evilly.
The crimson imp barely misses you.
You slice the crimson imp!!
You kill the crimson imp!
Makhleb accepts your kill.
No target in view!
No target in view!
No target in view!
No target in view!
No target in view!
Done exploring.
Done exploring.
Done exploring.
Done exploring.
Done exploring.
No target in view!
No target in view!
No target in view!
No target in view!
No target in view!
No target in view!
No target in view!
Done exploring.
(D) Dungeon (T) Temple
Where to? (Enter - D:7, ? - help) All of the chunks of flesh in your inventory have rotted away.
There is a stone staircase leading down here.
You climb downwards.
Found a scroll of identify.
There is a stone staircase leading up here.
k - a scroll of identify {@r1} An adder comes into view.
The adder hisses angrily.
An adder is nearby!
You block the adder's attack. The adder misses you.
You slash the adder!
The adder is severely wounded.
The adder bites you but does no damage.
You slash the adder!
You kill the adder!
Makhleb accepts your kill.
Hepliaklqana seems mollified.
Your full life essence returns.
Are you sure you want to abandon this character and quit the game? (Confirm with "yes".)

,#..* #.# ###<#
#..###.###.#.#.# . ,
#..............#* ..
*#..###.###.###....# ,
...##..###.###.###.####
, ,
#..................# ,
..../..##.....######
#....###.# ,#@##.# #.#
*,#†##.# #.# ** ,..##.#
#.., * ,* ,####### ###
* ,, * ** * , , *, , ,
, * ,


There were no monsters in sight!

Vanquished Creatures
  Harold (D:7)
  Prince Ribbit (D:5)
  A hippogriff (D:7)
  Duvessa (D:7)
  An ice beast (D:5)
  5 ogres
  A phantom (D:3)
  A sky beast (D:7)
  3 centaurs
  2 bullfrogs
  Dowan (D:7)
  A scorpion (D:4)
  5 crimson imps
  A bullfrog zombie (D:5)
  A hound (D:6)
  A bullfrog skeleton (D:4)
  2 orc wizards (D:5)
  Terence (D:3)
  An iguana (D:6)
  5 worker ants
  A hound zombie (D:6)
  A worker ant zombie (D:5)
  16 adders
  A gnoll (D:2)
  4 shadow imps
  5 worms
  3 dart slugs
  A leopard gecko (D:5)
  7 orcs
  6 giant cockroaches
  6 goblins
  6 hobgoblins
  17 jackals
  5 kobolds
  7 quokkas
  A ball python (D:2)
  3 bats
  4 frilled lizards
  A jackal skeleton (D:4)
  2 leopard gecko skeletons (D:4)
  3 quokka skeletons
  A quokka zombie (D:7)
  8 rats
145 creatures vanquished.

Notes
Turn   | Place    | Note
-------+----------+-------------------------------------------
     0 | D:1      | EnegeticOcto the Deep Dwarf Fighter began the quest for the
                  | Orb.
     0 | D:1      | Reached XP level 1. HP: 20/20 MP: 1/1
   301 | D:2      | Reached XP level 2. HP: 25/27 MP: 2/2
   368 | D:2      | Reached skill level 3 in Axes
   368 | D:2      | Reached XP level 3. HP: 25/33 MP: 3/3
   436 | D:2      | Reached skill level 3 in Fighting
   566 | D:2      | Reached XP level 4. HP: 36/42 MP: 4/4
   842 | D:2      | Found a shimmering altar of Xom.
   940 | D:3      | Reached skill level 4 in Armour
   970 | D:3      | Reached skill level 4 in Axes
   985 | D:3      | Noticed Terence
  1012 | D:3      | Reached XP level 5. HP: 40/49 MP: 5/5
  1017 | D:3      | Killed Terence
  1243 | D:3      | Found a shadowy altar of Dithmenos.
  1248 | D:3      | Found an ornate altar of the Wu Jian Council.
  1249 | D:3      | Found a radiant altar of Vehumet.
  1356 | D:3      | Noticed a phantom
  1404 | D:3      | Killed a phantom
  1404 | D:3      | Reached skill level 5 in Axes
  1404 | D:3      | Reached XP level 6. HP: 53/57 MP: 6/6
  1548 | D:4      | Your magical essence is drained by the effort!
  1549 | D:4      | Your magical essence is drained by the effort!
  1551 | D:4      | Reached skill level 4 in Fighting
  1552 | D:4      | Reached skill level 6 in Axes
  1560 | D:4      | Found a snail-covered altar of Cheibriados.
  1571 | D:4      | Found a burning altar of Makhleb.
  1705 | D:4      | Reached XP level 7. HP: 58/66 MP: 5/5
  1953 | D:4      | Found a basalt altar of Yredelemnul.
  1955 | D:4      | Your magical essence is drained by the effort!
  2099 | D:4      | Reached skill level 7 in Axes
  2211 | D:5      | Entered Level 5 of the Dungeon
  2431 | D:5      | Reached skill level 5 in Fighting
  2528 | D:5      | Found a white marble altar of Elyvilon.
  2537 | D:5      | Found Ekolled's Food Shoppe.
  2573 | D:5      | Noticed Prince Ribbit
  2591 | D:5      | Killed Prince Ribbit
  2591 | D:5      | Reached skill level 8 in Axes
  2591 | D:5      | Reached XP level 8. HP: 47/74 MP: 5/5
  2647 | D:5      | Your magical essence is drained by the effort!
  3166 | D:6      | Found a staircase to the Ecumenical Temple.
  3172 | Temple   | Entered the Ecumenical Temple
  3220 | Temple   | Became a worshipper of Hepliaklqana the Forgotten
  3221 | Temple   | Fell from the grace of Hepliaklqana
  3423 | D:6      | Found an ancient bone altar of Kikubaaqudgha.
  3493 | D:6      | Found a stormy altar of Qazlal.
  3847 | D:4      | Became a worshipper of Makhleb the Destroyer
  4062 | D:7      | Your magical essence is drained by the effort!
  4092 | D:7      | Noticed Dowan
  4093 | D:7      | Noticed Duvessa
  4100 | D:7      | Killed Dowan
  4104 | D:7      | Killed Duvessa
  4109 | D:7      | Noticed Harold
  4122 | D:7      | Killed Harold
  4205 | D:7      | Your magical essence is drained by the effort!
  4213 | D:7      | Found an opulent altar of Gozag.
  4320 | D:7      | Noticed a hippogriff
  4332 | D:7      | Killed a hippogriff
  4562 | D:7      | Your magical essence is drained by the effort!
  4676 | D:8      | Was forgiven by Hepliaklqana
  4677 | D:8      | Quit the game

Illustrated notes

Levels and vault maps discovered:
D:1:      saegor_arrival_under_anarchy, layout_basic, serial_bayou_lake_a
D:2:      layout_loops_ring, xom_butterflies, led_sif_pool, minivault_24,
          minmay_close_crescents
D:3:      layout_rooms, minitemple, uniq_terence
D:4:      minmay_door_path, layout_basic, overflow_temple_1_default,
          nicolae_overflow_crystal_walls, first_ration, cheibriados_altar_1
D:5:      layout_basic, elyvilon_altar_5, serial_shops, kennysheep_mini_moat,
          uniq_prince_ribbit1
D:6:      layout_rooms, kennysheep_little_box, kiku_gazebo_garden_becter,
          temple_fountains
D:7:      layout_loops_cross, lemuel_coloured_pillars_altar, grunt_ogre_cave,
          uniq_duvessa, uniq_harold
D:8:      layout_basic, grunt_dithmenos_smoke_and_mirrors
Temple:   compressed_dpeg_circular_temple

Skill      XL: |  1  2  3  4  5  6  7 |
---------------+----------------------+-----
Axes           | 3 4 5 6 8 |  8.8
Fighting       | 3 4 5 |  5.6
Armour         | 4 |  4.0
Shields        | |  3.9

Action                   |  1- 3 |  4- 6 |  7- 9 || total
-------------------------+-------+-------+-------++-------
Melee: War axe           |    88 |   171 |   319 ||   578
Invok: Renounce Religion |       |       |     1 ||     1
 Abil: Heal Wounds       |     1 |     7 |    10 ||    18
  Use: Potion            |       |       |     3 ||     3
       Scroll            |       |       |    10 ||    10
  Eat: Chunk             |       |     3 |    10 ||    13
Armor: Scale mail        |    65 |    52 |    98 ||   215
Dodge: Dodged            |    36 |    92 |   138 ||   266
Block: Kite shield       |    56 |   100 |   128 ||   284
